 Dungeon Crawl Stone Soup version 0.30-a0-1104-g706747fef1 (webtiles) character file.

Game seed: 2193045088197695921

833 Lusmu the Sneak (level 8, -2/44 HPs)
             Began as a Kobold Hexslinger on Apr 17, 2023.
             Slain by an ice beast (7 damage)
             ... on level 5 of the Dungeon on Apr 19, 2023.
             The game lasted 00:55:56 (6475 turns).

Lusmu the Sneak (Kobold Hexslinger)                 Turns: 6475, Time: 00:55:56

Health: -2/44      AC:  5    Str: 12    XL:     8   Next: 18%
Magic:  9/12       EV: 15    Int: 13    God:
Gold:   94         SH:  0    Dex: 16    Spells: 9/13 levels left

rFire   . . .      SeeInvis .    t - +3 quarterstaff (chaos)
rCold   . . .      Faith    .    (shield currently unavailable)
rNeg    . . .      Spirit   .    c - +0 robe
rPois   .          Reflect  .    s - +0 helmet
rElec   .          Rampage  .    p - +0 cloak
rCorr   .                        m - +0 pair of gloves
Will    .....                    (no boots)
Stlth   ++++                     (no amulet)
HPRegen 0.27/turn                E - ring of flight
MPRegen 0.13/turn                (no ring)

@: flying
A: small, no large weapons, nightstalker 3, strong 1, noise suppression
a: no special abilities


You were on level 5 of the Dungeon.
You visited 1 branch of the dungeon, and saw 5 of its levels.
You also visited: Sewer.

You collected 232 gold pieces.
You spent 138 gold pieces at shops.

Inventory:

Hand Weapons
 a - a +1 sling
 t - a +3 quarterstaff of chaos (weapon)
Missiles
 h - 18 poisoned darts (quivered)
Armour
 c - a +0 robe (worn)
 e - a +0 leather armour
 i - a +0 buckler
 m - a +0 pair of gloves (worn)
 p - a +0 cloak (worn)
 s - a +0 helmet (worn)
Magical Staves
 k - a staff of conjuration
Jewellery
 E - a ring of flight (left hand)
Wands
 B - a wand of digging (4)
 D - a wand of iceblast (10)
Scrolls
 b - 2 scrolls of amnesia
 d - 3 scrolls of brand weapon {unknown}
 j - a scroll of immolation
 q - 3 scrolls of noise {unknown}
 w - a scroll of poison
 y - a scroll of vulnerability {unknown}
 C - a scroll of torment {unknown}
 H - a scroll of magic mapping {unknown}
Potions
 n - 4 potions of flight
 o - 3 potions of resistance
 r - a potion of might
 u - a potion of curing
 v - a potion of haste
 x - a potion of magic {unknown}
 z - a potion of degeneration {unknown}
 A - a potion of heal wounds {unknown}
 F - a potion of cancellation {unknown}
 G - a potion of attraction {unknown}


   Skills:
 + Level 2.1 Fighting
 - Level 5.0 Ranged Weapons
 + Level 1.2 Armour
 + Level 3.2 Dodging
 - Level 6.0 Stealth
 - Level 3.0 Spellcasting
 - Level 5.0 Hexes
 + Level 2.9 Translocations


You had 9 spell levels left.
You knew the following spells:

 Your Spells              Type           Power      Damage    Failure   Level
a - Slow                  Hex            56%        N/A       3%          1
b - Portal Projectile     Hex/Tloc       24%        N/A       14%         3

Your spell library contained the following spells:

 Spells                   Type           Power      Damage    Failure   Level
 Apportation              Tloc           18%        N/A       7%          1
 Necrotise                Necr           4%         1d4       22%         1
 Sting                    Tmut/Pois      4%         1d3       22%         1
 Summon Small Mammal      Summ           4%         N/A       22%         1
 Inner Flame              Hex/Fire       8%         N/A       24%         3
 Cause Fear               Hex            7%         N/A       28%         4
 Poisonous Vapours        Pois/Air       2%         N/A       34%         2
 Olgreb's Toxic Radiance  Pois           1%         N/A       92%         4


Dungeon Overview and Level Annotations

Branches:
Dungeon (5/15)              Sewer (visited)
 Temple: D:4-7

Altars:
Ashenzari
Cheibriados
Kikubaaqudgha

Shops:
D:1 ?(?[


Innate Abilities, Weirdness & Mutations

You are small and have problems with some larger weapons.
You are completely attuned to the shadows.
Your muscles are strong. (Str +4, Int/Dex -1)
You passively dampen the noise of your surroundings.


Message History

Throw: 20 darts (poison)
Press: ? - help, Q - select action, (/) - cycle Shift-Dir - straight line, f/p - ice beast
Aim: an ice beast (60% to hit)
You throw a poisoned dart. The poisoned dart hits the ice beast.
Throw: 19 darts (poison)
Press: ? - help, Q - select action, (/) - cycle Shift-Dir - straight line, f/p - ice beast
Aim: an ice beast (60% to hit)
You throw a poisoned dart.
The poisoned dart closely misses the ice beast.
Okay, then.
Your +3 quarterstaff of chaos is briefly surrounded by a scintillating aura of random colours.
t - a +3 quarterstaff of chaos (weapon)
The ice beast hits you. The ice beast freezes you!
Casting: Slow (safe; 3% risk of failure)
Confirm with . or Enter, or press ? or * to list all spells.
Aiming: Slow (safe; 3% risk of failure)
Press: ? - help, Shift-Dir - straight line, f/p - ice beast
Aim: an ice beast (chance to affect: 48%)
The ice beast resists with some effort.
The ice beast hits you. The ice beast freezes you!
The ice beast attacks as you move away! The ice beast closely misses you.
Casting: Slow (safe; 3% risk of failure)
Confirm with . or Enter, or press ? or * to list all spells.
Aiming: Slow (safe; 3% risk of failure)
Press: ? - help, Shift-Dir - straight line, f/p - ice beast
Aim: an ice beast (chance to affect: 48%)
The ice beast resists with some effort.
The ice beast hits you but does no damage.
Casting: Slow (safe; 3% risk of failure)
Confirm with . or Enter, or press ? or * to list all spells.
Aiming: Slow (safe; 3% risk of failure)
Press: ? - help, Shift-Dir - straight line, f/p - ice beast
Aim: an ice beast (chance to affect: 48%)
The ice beast resists with some effort.
The ice beast hits you. The ice beast freezes you!
* * * LOW HITPOINT WARNING * * *
The ice beast attacks as you move away! The ice beast hits you.
* * * LOW HITPOINT WARNING * * *
The ice beast freezes you!
You die...

########## ##### ##...##..(##
#.... ##......)<..## #....
##############............# #....
................@Y..[.....###....
#############....................
###..........####....
##....##.<(#####....
#...#......((.......
#~~~############Y... #~~~# ##....
#~~~# ##.Y... #~รท~# #..##.#


You could see an ice beast.

Vanquished Creatures
  An ogre (D:5)
  A phantom (D:4)
  A bullfrog (D:4)
  A scorpion (D:5)
  A howler monkey (D:5)
  Crazy Yiuf (D:2)
  A sleepcap (D:5)
  An orc priest (D:5)
  A jelly (D:4)
  Jessica (D:2)
  An iguana (D:4)
  4 orc wizards
  A mummy (D:5)
  Robin (D:2)
  8 adders
  2 river rats (Sewer)
  An ufetubus (D:5)
  A worm (D:2)
  A dart slug (D:1)
  An orc (D:2)
  14 ball pythons
  7 bats
  7 endoplasms
  9 giant cockroaches
  15 goblins
  12 hobgoblins
  3 jackals (D:4)
  8 quokkas
  10 frilled lizards
  10 kobolds
  15 rats
141 creatures vanquished.

Vanquished Creatures (others)
  5 plants (D:1)
5 creatures vanquished.

Grand Total: 146 creatures vanquished

Notes
Turn   | Place    | Note
-------+----------+-------------------------------------------
     0 | D:1      | Lusmu the Kobold Hexslinger began the quest for the Orb.
     0 | D:1      | Reached XP level 1. HP: 12/12 MP: 2/2
   201 | D:1      | Reached XP level 2. HP: 16/16 MP: 4/4
   204 | D:1      | Found Ephodghuekypn's Antique Weapon Boutique.
   221 | D:1      | Reached skill level 1 in Stealth
   260 | D:1      | Upgraded the game from 0.30-a0-1093-gcfb1e0cf12 to
                  | 0.30-a0-1102-g2dbb833546
   492 | D:1      | Reached XP level 3. HP: 18/20 MP: 5/5
   626 | D:1      | Found Isuen's Armour Shoppe.
   639 | D:1      | Bought a +0 buckler for 54 gold pieces
   838 | D:1      | Found Liasem's Magic Scroll Emporium.
   902 | D:1      | Found Katz's Magic Scroll Boutique.
  1303 | D:2      | Reached skill level 2 in Stealth
  1452 | D:2      | Noticed Jessica
  1461 | D:2      | Killed Jessica
  1462 | D:2      | Reached XP level 4. HP: 25/25 MP: 5/7
  1530 | D:2      | Learned a level 3 spell: Portal Projectile
  1809 | D:2      | Reached XP level 5. HP: 29/29 MP: 8/8
  1875 | D:2      | Reached skill level 3 in Stealth
  1983 | D:2      | Found a runed translucent door.
  1986 | D:2      | Noticed Crazy Yiuf
  2090 | D:2      | Noticed Robin
  2155 | D:2      | Killed Robin
  2452 | D:2      | Killed Crazy Yiuf
  2700 | D:3      | Gained mutation: You are clumsy. (Dex -2) [potion of
                  | mutation]
  2847 | D:1      | Bought a scroll of teleportation for 36 gold pieces
  2867 | D:1      | Bought a scroll of identify for 24 gold pieces
  2867 | D:1      | Bought a scroll of identify for 24 gold pieces
  3240 | D:3      | Found an ancient bone altar of Kikubaaqudgha.
  3257 | D:3      | Reached XP level 6. HP: 31/34 MP: 10/10
  3285 | D:3      | Found a broken altar of Ashenzari.
  4100 | D:4      | Reached skill level 4 in Stealth
  4777 | D:5      | Entered Level 5 of the Dungeon
  4861 | D:5      | Found a glowing drain.
  4878 | Sewer    | Entered a sewer
  4880 | Sewer    | Lost mutation: You are clumsy. (Dex -2) [potion of
                  | mutation]
  4880 | Sewer    | Gained mutation: You have hidden genetic potential. [potion
                  | of mutation]
  4880 | Sewer    | Gained mutation: You are clumsy. (Dex -2) [potion of
                  | mutation]
  4880 | Sewer    | Lost mutation: You are clumsy. (Dex -2) [potion of
                  | mutation]
  5610 | D:4      | Reached skill level 5 in Ranged Weapons
  5610 | D:4      | Reached skill level 1 in Translocations
  5610 | D:4      | Reached XP level 7. HP: 36/38 MP: 11/11
  5667 | D:4      | Reached skill level 5 in Stealth
  5676 | D:4      | Gained mutation: Your muscles are strong. (Str +4, Int/Dex
                  | -1) [hidden potential]
  5678 | D:4      | Upgraded the game from 0.30-a0-1102-g2dbb833546 to
                  | 0.30-a0-1104-g706747fef1
  5857 | D:5      | Found a snail-covered altar of Cheibriados.
  5993 | D:5      | Reached skill level 5 in Hexes
  6050 | D:5      | Reached skill level 6 in Stealth
  6050 | D:5      | Reached XP level 8. HP: 28/44 MP: 12/12
  6062 | D:5      | Reached skill level 1 in Armour
  6385 | D:5      | Gained mutation: You passively dampen the noise of your
                  | surroundings. [hidden potential]
  6385 | D:5      | Lost mutation: You have hidden genetic potential. [hidden
                  | potential expressed]
  6475 | D:5      | Slain by an ice beast

Illustrated notes

Levels and vault maps discovered:
D:1:      shiori_arrival_maze, layout_basic, serial_shops,
          nicolae_shop_tiny_real_fake_doors, shop, shop,
          nicolae_shop_rolling_square, minmay_lizard_king
D:2:      layout_loops_cross, minmay_pentomino_z4, uniq_robin, uniq_jessica,
          uniq_crazy_yiuf_cottage
D:3:      layout_loops_corners, mainiacjoe_overflow_large_starburst
D:4:      nicolae_BIG_FREAKIN_CUBE, layout_cave_pools
D:5:      layout_rooms, slow_altar_2, portal_sewer_entry_f

Skill      XL: |  1  2  3  4  5  6  7  8 |
---------------+-------------------------+-----
Stealth        | 1 2 3 4 6 |  6.0
Ranged Weapons | 3 4 5 |  5.0
Spellcasting   | 2 3 |  3.0
Hexes          | 4 5 |  5.0
Translocations | 1 2 |  2.9
Armour         | 1 |  1.2
Dodging        | 3 |  3.2
Fighting       | 2 |  2.1

Action                     |  1- 3 |  4- 6 |  7- 9 || total
---------------------------+-------+-------+-------++-------
  Melee: Quarterstaff      |       |     5 |    47 ||    52
   Fire: Sling             |   112 |   335 |    35 ||   482
  Throw: Dart              |       |     4 |     3 ||     7
         Throwing net      |       |     1 |       ||     1
   Cast: Slow              |     4 |     8 |    13 ||    25
  Evoke: Wand              |       |     1 |     2 ||     3
    Use: Scroll            |     1 |    10 |     3 ||    14
         Potion            |       |     2 |     1 ||     3
 Armour: Robe              |     9 |    59 |    17 ||    85
  Dodge: Dodged            |    34 |   162 |    44 ||   240
  Block: Buckler           |     4 |    42 |       ||    46

Table legend: (Time is in decaauts)
 A = Elapsed time spent in this place.
 B = Non-inter-level travel time spent in this place.
 C = Inter-level travel time spent in this place.
 D = Time resting spent in this place.
 E = Time spent auto-exploring this place.
 F = Levels seen in this place.
 G = Mean time per level.
                   A        B        C        D        E       F      G
               +--------+--------+--------+--------+--------+-----+--------+
         Total |   6618 |   6210 |    408 |    770 |   2982 |   6 | 1103.0 |
       Dungeon |   6069 |   5661 |    408 |    616 |   2902 |   5 | 1213.8 |
         Sewer |    549 |    549 |      0 |    154 |     80 |   1 |  549.0 |
               +--------+--------+--------+--------+--------+-----+--------+

Top non-repeatable levels by time:
     D:2: 1496 daAuts
     D:1: 1390 daAuts
     D:4: 1228 daAuts
     D:3: 1210 daAuts
     D:5: 743 daAuts
   Sewer: 549 daAuts
